 Dungeon Crawl Stone Soup version 0.23.0 (webtiles) character file.

Game seed: 6965644719904264568

75901 inmateoo the Spear-Bearer (level 15, -11/137 HPs)
             Began as a Hill Orc Gladiator on Feb 9, 2019.
             Was the Champion of Beogh.
             Mangled by a two-headed ogre
             ... wielding a +0 giant spiked club
              (22 damage)
             ... on level 1 of the Orcish Mines.
             The game lasted 00:43:25 (26092 turns).

inmateoo the Spear-Bearer (Hill Orc Gladiator)     Turns: 26092, Time: 00:43:26

Health: -11/137    AC: -7    Str: 23    XL:     15   Next: 51%
Magic:  0/28       EV: 11    Int:  9    God:    Beogh [******]
Gold:   2213       SH: 14    Dex: 12    Spells: 14/14 levels left

rFire    + . .     SeeInvis +   Q - +8 whip "Snakebite" {curare, rPois}
rCold    . . .     Gourm    .   n - +2 shield
rNeg     . . .     Faith    .   L - +2 chain mail {rF+}
rPois    +         Spirit   +   P - +0 helmet {SInv}
rElec    .         Reflect  .   t - +1 cloak
rCorr    .         Harm     .   b - +0 pair of gloves
MR       ++...                  E - +0 pair of boots
Stlth    ..........             q - amulet of guardian spirit
HPRegen  0.32/turn              u - ring of magical power
MPRegen  0.21/turn              D - ring of Nuts {+Fly MR+}

@: corroded, lightly drained
A: walk on water
a: Smiting, Recall Orcish Followers, Give Item to Named Follower, Resurrection,
Renounce Religion, Evoke Flight


You were on level 1 of the Orcish Mines.
You worshipped Beogh.
Beogh was exalted by your worship.
You were not hungry.

You visited 3 branches of the dungeon, and saw 22 of its levels.
You also visited: Volcano.

You collected 2213 gold pieces.

Inventory:

Hand Weapons
 a - a +1 trident
 F - a +2 double sword of holy wrath
 I - a +0 glaive of venom
 M - a +2 great mace of flaming
 O - a +1 lajatang of flaming
 Q - the +8 whip "Snakebite" (weapon) {curare, rPois}
   (You found it on level 4 of the Lair of Beasts)

   It poisons the flesh of those it strikes.
   It protects you from poison.
Armour
 b - a +0 pair of gloves (worn)
 n - a +2 shield (worn)
 t - a +1 cloak (worn)
 E - a +0 pair of boots (worn)
 L - a +2 chain mail of fire resistance (worn)
 P - a +0 helmet of see invisible (worn)
Jewellery
 d - an uncursed amulet of the acrobat {unknown}
 p - an uncursed ring of wizardry {unknown}
 q - an amulet of guardian spirit (around neck)
 u - a ring of magical power (left hand)
 D - the ring of Nuts (right hand) {+Fly MR+}
   (You found it on level 12 of the Dungeon)

   [ring of flight]

   It affects your resistance to hostile enchantments.
   It lets you fly.
 S - an uncursed ring of positive energy
Wands
 c - a wand of enslavement (3)
 h - a wand of flame (10)
 m - a wand of digging (5)
 w - a wand of disintegration (48)
 G - a wand of iceblast (11)
 W - a wand of random effects (19)
Scrolls
 e - 18 scrolls of identify
 k - 7 scrolls of teleportation
 l - 2 scrolls of enchant armour
 r - 12 scrolls of remove curse
 x - 4 scrolls of fog
 y - 2 scrolls of amnesia
 B - 5 scrolls of enchant weapon
 T - 3 scrolls of magic mapping
 U - a scroll of blinking {unknown}
Potions
 g - a potion of resistance
 i - 3 potions of lignification
 j - 5 potions of brilliance
 s - 5 potions of curing
 v - 5 potions of haste
 z - a potion of ambrosia
 A - 4 potions of agility
 C - 2 potions of flight
 N - 3 potions of might
 R - a potion of heal wounds
 V - a potion of mutation {unknown}
Miscellaneous
 J - a phial of floods
Comestibles
 f - 42 rations


   Skills:
 + Level 13.9(13.5) Fighting
 * Level 10.8(10.4) Maces & Flails
 - Level 14.8(14.3) Polearms
 - Level 1.7(1.4) Throwing
 - Level 11.0(10.6) Armour
 - Level 9.0(8.6) Dodging
 - Level 11.0(10.6) Shields
 - Level 6.1(5.8) Invocations


You had 14 spell levels left.
You didn't know any spells.
Your spell library contained the following spells:

 Spells                   Type           Power        Failure   Level  Hunger
 Animate Skeleton         Necr           N/A          98%         1    ##.....
 Apportation              Tloc           #.....       98%         1    ##.....
 Beastly Appendage        Tmut           #.....       98%         1    ##.....
 Corona                   Hex            #......      98%         1    ##.....
 Flame Tongue             Conj/Fire      #....        98%         1    ##.....
 Magic Dart               Conj           #...         98%         1    ##.....
 Pain                     Necr           #...         98%         1    ##.....
 Summon Butterflies       Summ           #.......     98%         1    ##.....
 Summon Small Mammal      Summ           #...         98%         1    ##.....
 Call Imp                 Summ           #.......     99%         2    ###....
 Ensorcelled Hibernation  Hex/Ice        #.....       99%         2    ###....
 Poisonous Vapours        Pois/Air       #.....       99%         2    ###....
 Searing Ray              Conj           #.....       99%         2    ###....
 Sticks to Snakes         Tmut           #.......     99%         2    ###....
 Throw Flame              Conj/Fire      #.....       99%         2    ###....
 Call Canine Familiar     Summ           #.......     100%        3    ####...
 Confuse                  Hex            #.......     100%        3    ####...
 Conjure Flame            Conj/Fire      #.......     100%        3    ####...
 Dazzling Spray           Conj/Hex       #.....       100%        3    ####...
 Inner Flame              Hex/Fire       #.......     100%        3    ####...
 Lesser Beckoning         Tloc           #.........   100%        3    ####...
 Mephitic Cloud           Conj/Pois/Air  #.......     100%        3    ####...
 Regeneration             Chrm/Necr      #.........   100%        3    ####...
 Spider Form              Tmut/Pois      #.........   100%        3    ####...
 Summon Guardian Golem    Hex/Summ       #.......     100%        3    ####...
 Tukima's Dance           Hex            #.......     100%        3    ####...
 Vampiric Draining        Necr           #.........   100%        3    ####...
 Animate Dead             Necr           N/A          100%        4    #####..
 Force Lance              Conj/Tloc      #.......     100%        4    #####..
 Fulminant Prism          Conj/Hex       #.........   100%        4    #####..
 Ice Form                 Ice/Tmut       #.......     100%        4    #####..
 Iskenderun's Mystic Bla  Conj           #.......     100%        4    #####..
 Sticky Flame             Conj/Fire      #.......     100%        4    #####..
 Summon Ice Beast         Ice/Summ       #.......     100%        4    #####..
 Summon Lightning Spire   Summ/Air       #.......     100%        4    #####..
 Alistair's Intoxication  Tmut/Pois      #.......     100%        5    ######.
 Blade Hands              Tmut           #.........   100%        5    ######.
 Bolt of Magma            Conj/Fire/Erth #.........   100%        5    ######.
 Fireball                 Conj/Fire      #.........   100%        5    ######.
 Iskenderun's Battlesphe  Conj/Chrm      #.......     100%        5    ######.
 Venom Bolt               Conj/Pois      #.........   100%        5    ######.
 Freezing Cloud           Conj/Ice/Air   #.........   100%        6    #######
 Invisibility             Hex            #.......     100%        6    #######
 Iron Shot                Conj/Erth      #.........   100%        6    #######
 Orb of Destruction       Conj           #.........   100%        7    #######
 Ring of Flames           Chrm/Fire      #.........   100%        7    #######
 Spellforged Servitor     Conj/Summ      #.........   100%        7    #######


Dungeon Overview and Level Annotations

Branches:
Dungeon (15/15)            Temple (0/1) D:5            Lair (6/6) D:11
 Shoals (0/4) Lair:2        Snake (0/4) Lair:2        Slime (0/5) Lair:6
    Orc (1/2) D:10         Vaults (0/5) D:14         Depths (0/5) D:15

Altars:
Ashenzari
Elyvilon
Fedhas
Hepliaklqana
Nemelex Xobeh
Ru
Trog
Uskayaw
Vehumet
Xom
Beogh

Annotations:
Orc:1 1 transporter


Message History

The two-headed ogre hits you with a +0 giant spiked club!
* * * LOW HITPOINT WARNING * * *
The two-headed ogre closely misses you.
The ufetubus hits Bogwik.
The ufetubus closely misses Bogwik.
Bogwik hits the ufetubus with a +2 dagger of draining.
The ynoxinul disappears in a puff of smoke!
The ufetubus disappears in a puff of smoke!
The ettin hits Bogwik with a +0 dire flail!
Bogwik dies!
Beogh accepts your kill.
You feel a bit more experienced.
Your orc warrior hits the ettin but does no damage.
Unknown command.
Gorm gestures wildly while chanting.
Unknown command.
Your chaos spawn degenerates into a cloud of primal chaos!
The two-headed ogre hits you with a +0 giant spiked club!!
* * * LOW HITPOINT WARNING * * *
The two-headed ogre hits you with a +0 giant club!!
You die...

#..§§#.#[...# #o#)o)o...#.#
..........#4##o8o8.##.#
#..........#o#.oC4..[#.#
............#.##C8.8.##.#
............#§#......?#.# ..
............#.)o:#.#....# ##..
............#..O#####... #....
#..........##..@.©)...##.....
#........#.###########.......#.
##.........>..ooo.....o........
##....................o#.......
#................###..oo.......
#.....................oo.....#.
##...†..................o.....#
##.....................#....o.#
#....)...........##...........)


You could see 2 ettins, a two-headed ogre, an orc sorcerer, an orc wizard, a
friendly orange demon, the friendly Gorm the orc sorcerer, 3 friendly orc
warriors and 3 friendly orcs.

Vanquished Creatures
  A deep elf death mage (D:15)
  An ice dragon (D:15)
  6 hydras
  3 centaur warriors
  An ogre mage (Volcano)
  A death yak (Lair:6)
  6 two-headed ogres
  Urug (D:13)
  2 deep elf knights
  A hell knight (Volcano)
  3 skeletal warriors
  3 unseen horrors
  A deep elf archer (D:15)
  A wizard (D:14)
  A deep elf mage (D:15)
  An obsidian statue (Volcano)
  An orc knight (D:11)
  3 oklob plants (D:11)
  5 ugly things
  2 manticores
  2 cyclopes
  An elephant (Lair:5)
  5 black mambas
  2 gargoyles
  6 spiny frogs
  A kobold demonologist (D:11)
  A rime drake (Lair:6)
  An ice devil (D:14)
  4 komodo dragons
  3 meliai (D:15)
  4 polar bears
  4 hornets (Lair:6)
  3 trolls
  Grinder (D:3)
  5 blink frogs
  4 hippogriffs
  Sigmund (D:5)
  A shadow (D:15)
  6 spriggans (Lair:6)
  3 wyverns
  A hog (Lair:5)
  25 yaks
  2 basilisks
  3 wraiths
  5 fire bats (Volcano)
  4 hungry ghosts
  7 vampire mosquitoes
  A soldier ant (D:11)
  8 water moccasins
  An acid dragon (D:11)
  6 porcupines
  7 orc warriors
  2 ice beasts
  An eye of draining (D:12)
  A sky beast (D:12)
  2 phantoms
  7 ogres
  A black bear (Lair:6)
  10 centaurs
  A boggart (shapeshifter) (D:15)
  2 boggarts (Lair:6)
  4 necrophages (D:7)
  11 wolves (Lair:6)
  7 crocodiles
  3 big kobolds
  9 bullfrogs
  A water moccasin zombie (D:6)
  3 scorpions
  A wyvern skeleton (D:14)
  A water moccasin skeleton (D:5)
  A killer bee (D:8)
  5 wights
  An electric eel (Lair:2)
  5 howler monkeys
  8 crimson imps
  6 bullfrog zombies
  2 centaur zombies
  5 lava snakes (Volcano)
  8 hounds
  An orc priest (Orc:1)
  2 quasits
  3 bullfrog skeletons
  2 jellies
  14 orc wizards
  3 centaur skeletons
  3 iguanas
  13 worker ants
  A killer bee zombie (D:7)
  2 hound zombies
  4 hound skeletons
  A howler monkey zombie (D:5)
  2 worker ant zombies
  10 gnolls
  17 adders
  4 shadow imps
  A white imp (Lair:5)
  An ooze (D:4)
  An adder zombie (D:4)
  An adder skeleton (D:5)
  A worm (D:2)
  A dart slug (D:2)
  3 leopard geckos
  24 orcs
  7 giant cockroaches
  8 hobgoblins
  4 jackals (D:1)
  30 kobolds
  8 quokkas
  5 ball pythons
  11 bats
  9 frilled lizards
  2 goblins (D:1)
  A jackal zombie (D:6)
  2 quokka skeletons
  A quokka zombie (D:7)
  10 rats
  A bush (D:7)
  2 plants (D:11)
496 creatures vanquished.

Vanquished Creatures (collateral kills)
  Kirke (Lair:5)
  A rakshasa (D:11)
  5 hydras
  2 ice dragons
  A catoblepas (Lair:6)
  An ogre mage (D:11)
  A centaur warrior (D:15)
  4 death yaks (Lair:6)
  2 two-headed ogres
  An orc high priest (Orc:1)
  2 skeletal warriors
  An unseen horror (D:15)
  6 ugly things
  2 cyclopes
  A deep elf mage (D:15)
  A manticore (D:11)
  A black mamba (Lair:6)
  2 elephants (Lair:5)
  An oklob plant (Lair:6)
  Maurice (D:9)
  2 centaur skeletons
  2 gargoyles
  2 spiny frogs
  2 rime drakes
  2 komodo dragons
  An ice devil (D:14)
  3 trolls
  3 meliai (D:15)
  3 polar bears
  2 hippogriffs
  2 hornets
  3 blink frogs
  13 yaks
  7 spriggans (Lair:6)
  A shadow (D:13)
  A wraith (D:10)
  4 wyverns
  5 hogs
  3 basilisks
  A human (D:10)
  6 vampire mosquitoes
  A warg (Orc:1)
  9 water moccasins
  An acid dragon (D:13)
  A porcupine (Lair:4)
  A phantom (D:11)
  A black bear (D:10)
  2 ice beasts (D:12)
  A sky beast (D:10)
  5 ogres
  5 wolves (Lair:6)
  4 centaurs (D:15)
  2 boggarts (Lair:6)
  3 crocodiles
  A big kobold (D:10)
  4 bullfrogs
  3 scorpions
  4 killer bees (D:8)
  3 wights
  5 howler monkeys
  2 centaur zombies
  2 lava snakes (Volcano)
  3 hounds
  2 bullfrog zombies
  A jelly (D:15)
  8 orc wizards
  A bullfrog skeleton (D:12)
  2 orc priests
  A worker ant (D:9)
  A worker ant zombie (D:11)
  2 adders
  2 gnolls (D:9)
  2 shadow imps
  2 white imps (Lair:5)
  16 orcs
  3 kobolds
  A quokka zombie (D:9)
  A butterfly (Lair:6)
  2 fungi
215 creatures vanquished.

Vanquished Creatures (others)
  Erica (D:11)
  5 orc knights
  An ugly thing (D:15)
  7 orc wizards
  8 orc warriors
  A human (Lair:5)
  9 orc priests
  43 orcs
  A bush (Lair:6)
  4 fungi
  4 plants (D:7)
84 creatures vanquished.

Grand Total: 795 creatures vanquished

Notes
Turn   | Place    | Note
-------+----------+-------------------------------------------
     0 | D:1      | inmateoo the Hill Orc Gladiator began the quest for the
                  | Orb.
     0 | D:1      | Reached XP level 1. HP: 18/18 MP: 1/1
     3 | D:1      | Noticed an electric eel
     3 | D:1      | Noticed an electric eel
    44 | D:1      | Reached XP level 2. HP: 13/25 MP: 2/2
   326 | D:1      | Reached skill level 1 in Armour
   326 | D:1      | Reached XP level 3. HP: 26/30 MP: 3/3
   581 | D:1      | Reached skill level 4 in Polearms
   986 | D:2      | Reached XP level 4. HP: 38/38 MP: 4/4
  1436 | D:2      | Found a shimmering altar of Xom.
  1910 | D:3      | Noticed Grinder
  1917 | D:3      | Paralysed by Grinder for 7 turns
  1934 | D:3      | Paralysed by Grinder for 4 turns
  1941 | D:3      | Killed Grinder
  1941 | D:3      | Reached skill level 5 in Polearms
  1941 | D:3      | Reached skill level 1 in Shields
  1941 | D:3      | Reached XP level 5. HP: 33/46 MP: 5/5
  1941 | D:3      | Reached XP level 6. HP: 37/52 MP: 6/6
  2147 | D:3      | Became a worshipper of Beogh the Brigand
  3342 | D:4      | Reached XP level 7. HP: 51/59 MP: 7/7
  4189 | D:4      | Reached skill level 6 in Polearms
  4562 | D:5      | Entered Level 5 of the Dungeon
  4563 | D:5      | Found a bloodstained altar of Trog.
  4590 | D:5      | Reached * piety under Beogh
  4772 | D:5      | Found a staircase to the Ecumenical Temple.
  4801 | D:5      | Got a twisted dagger
  4802 | D:5      | Identified the cursed +1 dagger "Seqout" {freeze, rC+ Int-4
                  | SInv} (You found it on level 5 of the Dungeon)
  4972 | D:5      | Reached XP level 8. HP: 22/67 MP: 8/8
  5271 | D:5      | Reached skill level 5 in Fighting
  5311 | D:5      | Reached skill level 7 in Polearms
  5516 | D:5      | Found a hazy altar of Hepliaklqana.
  5518 | D:5      | Noticed Sigmund
  5576 | D:5      | Killed Sigmund
  5894 | D:6      | Reached ** piety under Beogh
  5981 | D:6      | Found a white marble altar of Elyvilon.
  6028 | D:6      | Reached XP level 9. HP: 72/75 MP: 9/9
  6067 | D:6      | Reached skill level 8 in Polearms
  6557 | D:7      | Reached skill level 5 in Armour
  7128 | D:7      | Found a blossoming altar of Fedhas.
  7487 | D:7      | Reached skill level 5 in Dodging
  7525 | D:7      | Reached skill level 1 in Invocations
  7533 | D:7      | Reached skill level 5 in Shields
  7537 | D:7      | Reached skill level 9 in Polearms
  7575 | D:8      | Reached *** piety under Beogh
  8015 | D:8      | Reached XP level 10. HP: 55/85 MP: 11/11
  8486 | D:9      | Noticed Maurice
  8667 | D:9      | Found a bloodstained altar of Trog.
  8700 | D:9      | Killed Maurice
  8970 | D:9      | Reached skill level 10 in Polearms
  9102 | D:10     | Entered Level 10 of the Dungeon
  9104 | D:10     | You fall through a shaft for 3 floors!
  9104 | D:13     | Noticed a six-headed hydra
  9105 | D:13     | Noticed a skeletal warrior
  9221 | D:13     | Noticed a cyan ugly thing
  9260 | D:13     | Killed a cyan ugly thing
  9558 | D:12     | Noticed a two-headed ogre
  9558 | D:12     | Noticed a skeletal warrior
  9558 | D:12     | Noticed a skeletal warrior
  9558 | D:12     | Noticed a skeletal warrior
  9558 | D:12     | Noticed a skeletal warrior
  9588 | D:13     | Reached **** piety under Beogh
  9633 | D:13     | Noticed Urug
  9651 | D:13     | Killed Urug
  9685 | D:13     | Noticed a cyclops
  9693 | D:13     | Killed a cyclops
  9694 | D:13     | Reached skill level 5 in Invocations
  9774 | D:13     | Reached XP level 11. HP: 80/93 MP: 14/14
  9813 | D:13     | Noticed a centaur warrior
  9823 | D:13     | Killed a centaur warrior
  9867 | D:13     | Killed an unseen horror
  9873 | D:13     | Noticed an eight-headed hydra
  9883 | D:13     | Killed a six-headed hydra
  9883 | D:13     | Reached skill level 11 in Polearms
  9899 | D:13     | Killed an unseen horror
  9905 | D:13     | Killed an eight-headed hydra
 10189 | D:13     | Killed a skeletal warrior
 10432 | D:13     | Noticed a purple ugly thing
 10446 | D:13     | Killed a purple ugly thing
 10765 | D:12     | Got a bloodstained ring mail
 10776 | D:12     | Identified the cursed +0 ring mail of the Sun {+Inv rN++
                  | Dex-2 Slay+2} (You found it on level 12 of the Dungeon)
 10796 | D:12     | Got a flickering lapis lazuli ring
 10802 | D:12     | Identified the ring of Nuts {+Fly MR+} (You found it on
                  | level 12 of the Dungeon)
 10888 | D:12     | Killed a two-headed ogre
 10888 | D:12     | Reached XP level 12. HP: 88/105 MP: 16/16
 10894 | D:12     | Gained Brandogh as an ally
 10894 | D:12     | Reached skill level 12 in Polearms
 11420 | D:14     | Noticed a four-headed hydra
 11431 | D:14     | Killed a four-headed hydra
 11903 | D:14     | Noticed a centaur warrior
 12130 | D:11     | Noticed a seven-headed hydra
 12406 | D:10     | Reached ***** piety under Beogh
 12438 | D:10     | Reached skill level 10 in Fighting
 12440 | D:10     | Found a staircase to the Orcish Mines.
 12537 | D:10     | Found a sparkling altar of Nemelex Xobeh.
 12539 | D:10     | Found a radiant altar of Vehumet.
 12539 | D:10     | Found a shimmering altar of Xom.
 12541 | D:10     | Found a hide-covered altar of Uskayaw.
 12541 | D:10     | Found a radiant altar of Vehumet.
 12541 | D:10     | Found a sacrificial altar of Ru.
 13334 | D:11     | Gained Nordag as an ally
 13399 | D:11     | Noticed an ogre mage
 13405 | D:11     | Killed an ogre mage
 13489 | D:11     | Noticed a centaur warrior
 13512 | D:11     | Killed a centaur warrior
 13512 | D:11     | Reached skill level 13 in Polearms
 13606 | D:11     | Noticed Erica
 13631 | D:11     | Killed Erica
 13660 | D:11     | Your ally Brandogh died
 13662 | D:11     | Your ally Nordag died
 13953 | D:11     | Noticed a deep elf knight
 13986 | D:11     | Killed a deep elf knight
 14249 | D:11     | Reached XP level 13. HP: 59/114 MP: 17/17
 14965 | D:11     | Found a staircase to the Lair.
 15175 | Lair:1   | Entered Level 1 of the Lair of Beasts
 15533 | Lair:1   | Found a dark tunnel.
 15562 | Volcano  | Entered a volcano
 15880 | Volcano  | Reached skill level 14 in Polearms
 15889 | Volcano  | Found a burning altar of Makhleb.
 16096 | Volcano  | Reached skill level 10 in Armour
 17076 | Lair:2   | Reached skill level 10 in Shields
 17130 | Lair:2   | Found a staircase to the Shoals.
 17211 | Lair:2   | Found a staircase to the Snake Pit.
 17867 | Lair:3   | Gained Gorm as an ally
 18563 | Lair:4   | Reached XP level 14. HP: 90/124 MP: 18/18
 18768 | Lair:4   | Reached ****** piety under Beogh
 18845 | Lair:4   | Found the +8 whip "Snakebite" {curare, rPois}
 19674 | Lair:5   | Reached skill level 1 in Maces & Flails
 19980 | Lair:5   | Noticed Kirke
 19993 | Lair:5   | Killed Kirke
 20735 | Lair:6   | Entered Level 6 of the Lair of Beasts
 21466 | Lair:6   | Reached skill level 5 in Maces & Flails
 22558 | Lair:6   | Found a staircase to the Slime Pits.
 23587 | D:14     | Found a gate to the Vaults.
 23788 | D:14     | Reached XP level 15. HP: 53/135 MP: 11/19
 24100 | D:15     | Entered Level 15 of the Dungeon
 24587 | D:15     | Found a staircase to the Depths.
 24655 | D:15     | Found a shattered altar of Ashenzari.
 24782 | D:15     | Reached skill level 10 in Maces & Flails
 25901 | Orc:1    | Entered Level 1 of the Orcish Mines
 25959 | Orc:1    | Found a transporter.
 26054 | Orc:1    | Found a transporter.
 26061 | Orc:1    | Found a roughly hewn altar of Beogh.
 26085 | Orc:1    | Gained Bogwik as an ally
 26090 | Orc:1    | Your ally Bogwik died
 26092 | Orc:1    | Mangled by a two-headed ogre

Skill      XL: |  1  2  3  4  5  6  7  8  9 10 11 12 13 14 15 |
---------------+----------------------------------------------+-----
Armour         | 1 2 3 4 5 7 8 9 10 11 | 11.0
Fighting       | 3 4 5 7 8 9 10 11 13 | 13.9
Polearms       | 4 5 6 7 9 10 11 13 14 | 14.8
Dodging        | 3 4 5 6 7 8 9 |  9.0
Shields        | 1 2 3 4 5 6 7 9 10 11 | 11.0
Invocations    | 2 5 6 |  6.1
Maces & Flails | 8 10 | 10.8
Throwing       | |  1.7

Action                   |  1- 3 |  4- 6 |  7- 9 | 10-12 | 13-15 || total
-------------------------+-------+-------+-------+-------+-------++-------
Melee: Trident           |   110 |   200 |   768 |   826 |   634 ||  2538
       Glaive            |       |       |       |    51 |       ||    51
       Whip              |       |       |       |       |   773 ||   773
Invok: Convert to Beogh  |       |     1 |       |       |       ||     1
       Recall Orcish Fol |       |       |       |     6 |     3 ||     9
Evoke: Wand              |       |       |     2 |     8 |    11 ||    21
       Phial of floods   |       |       |       |       |     1 ||     1
  Use: Potion            |       |     4 |     1 |     6 |     2 ||    13
       Scroll            |       |       |    17 |     7 |     5 ||    29
 Stab: Sleeping          |       |     1 |       |       |       ||     1
       Distracted        |       |       |       |     6 |     8 ||    14
       Paralysed         |       |       |       |       |    38 ||    38
  Eat: Chunk             |       |     6 |    14 |    15 |    20 ||    55
       Ration            |       |     1 |       |     3 |     7 ||    11
Armor: Leather armour    |    16 |       |       |       |       ||    16
       Ring mail         |    16 |       |       |    26 |       ||    42
       Steam dragon scal |       |    48 |    16 |       |       ||    64
       Skin              |       |     1 |    10 |     7 |       ||    18
       Chain mail        |       |       |   228 |   103 |   380 ||   711
       Acid dragon scale |       |       |       |   112 |    33 ||   145
Dodge: Dodged            |    63 |    72 |   141 |   210 |   419 ||   905
Block: Shield            |       |    58 |   322 |   379 |   834 ||  1593
